 Dungeon Crawl Stone Soup version 0.30-a0-719-gcc4359ea44 (webtiles) character file.

Game seed: 9667098368417103238

80 browni3141 the Poker (level 4, 0/35 HPs)
             Began as a Mummy Cinder Acolyte on Jan 26, 2023.
             Was a High Priest of Ignis.
             Slain by a gnoll
             ... wielding a +0 whip
              (2 damage)
             ... on level 2 of the Dungeon.
             The game lasted 00:03:11 (1238 turns).

browni3141 the Poker (Mummy Cinder Acolyte)         Turns: 1238, Time: 00:03:11

Health: 0/35       AC:  4    Str: 19    XL:     4   Next: 18%
Magic:  3/6        EV: 11    Int: 13    God:    Ignis [*****.]
Gold:   105        SH:  0    Dex:  7    Spells: 3/5 levels left

rFire   . . .      SeeInvis .    g - +2 dagger (venom)
rCold   + . .      Faith    +    (no shield)
rNeg    + + +      Spirit   .    b - +0 robe
rPois   ∞          Reflect  .    (no helmet)
rElec   .          Harm     .    (no cloak)
rCorr   .          Rampage  .    f - +0 pair of gloves
Will    .....                    h - +0 pair of boots
Stlth   +                        (no amulet)
HPRegen 0.25/turn                (no ring)
MPRegen 0.10/turn                (no ring)

@: no status effects
A: cold resistance 1, negative energy resistance 3, torment resistance 2, heat
vulnerability 1, in touch with death 1, no potions, faith
a: Renounce Religion, Fiery Armour, Foxfire Swarm, Rising Flame


You were on level 2 of the Dungeon.
You worshipped Ignis.
Ignis was extremely pleased with you.
You visited 1 branch of the dungeon, and saw 2 of its levels.

You collected 105 gold pieces.

Inventory:

Hand Weapons
 a - a -1 spear of flaming
 g - a +2 dagger of venom (weapon)
Armour
 b - a +0 robe (worn)
 f - a +0 pair of gloves (worn)
 h - a +0 pair of boots (worn)
Scrolls
 c - 2 scrolls of poison {unknown}
 d - a scroll of fog {unknown}
 e - a scroll of enchant weapon {unknown}
 i - a scroll of teleportation {unknown}


   Skills:
 - Level 3.0 Fighting
 * Level 4.2 Polearms
 - Level 1.3 Spellcasting
 - Level 2.4 Fire Magic


You had 3 spell levels left.
You knew the following spells:

 Your Spells              Type           Power      Damage    Failure   Level
a - Scorch                Fire           14%        2d5       16%         2

Your spell library contained the following spells:

 Spells                   Type           Power      Damage    Failure   Level
 Kindle Blastsparks       Fire/Tloc/Air  4%         2d10      52%         3
 Fulminant Prism          Conj/Hex       0%         3d5       95%         4
 Iskenderun's Mystic Bla  Conj/Tloc      0%         2d3       95%         4
 Lee's Rapid Deconstruct  Erth           0%         3d4*      100%        5


Dungeon Overview and Level Annotations

Branches:
Dungeon (2/15)

Altars:
Vehumet


Innate Abilities, Weirdness & Mutations

You are immune to poison.
Your flesh is cold resistant. (rC+)
You are immune to negative energy. (rN+++)
You are immune to unholy pain and torment.
You are vulnerable to heat. (rF-)
You are in touch with the powers of death.
You do not drink.
You have a special connection with the divine. (Faith)


Message History

A gnoll comes into view. It is wielding a +2 flail of draining.
The gnoll shouts!
You hear a shout! x2
A gnoll comes into view. It is wielding a +0 flail. x2
There are monsters nearby!
Flames lash the gnoll.
The gnoll is heavily wounded.
The gnoll's fire resistance burns away.
Flames lash the gnoll.
The gnoll is burned terribly!
You kill the gnoll!
You have reached level 4!
Press: ? - help, v - describe, . - travel, g - get item
Here: a gnoll, wielding a +2 flail of draining Item here: a +0 flail.
The floor.
You don't have enough magic to cast this spell.
You see here a dart slug corpse.
You see here a bat corpse.
You miscast Scorch.
You are very lightly contaminated with residual magic.
Nothing appears to happen.
You miscast Scorch.
Nothing appears to happen.
The gnoll hits you with a +2 flail of draining!
A gnoll comes into view. It is wielding a +0 whip.
The gnoll shouts!
You hit the gnoll but do no damage.
The gnoll is poisoned.
The gnoll hits you with a +2 flail of draining!
You barely miss the gnoll. The gnoll hits you with a +0 whip!
You hit the gnoll but do no damage. The gnoll hits you with a +0 whip.
* * * LOW HITPOINT WARNING * * *
You barely miss the gnoll. Your punch misses the gnoll.
You kill the gnoll!
The gnoll hits you with a +0 whip.
* * * LOW HITPOINT WARNING * * *
You hit the gnoll but do no damage.
The gnoll is poisoned.
The gnoll hits you with a +0 whip.
* * * LOW HITPOINT WARNING * * *
The gnoll attacks as you move away! The gnoll barely misses you.
Your magical contamination has completely faded away.
The gnoll attacks as you move away! The gnoll hits you with a +0 whip.
You die...

#...)..>###.# #####.#.# #.#
######..# #.# #.....#.# #.#
##...#..###.####.#####.#
#.# .................# #.#
#.# ..........!.####.#
#.########.# #<....#######
#.# #........#.# ##...##
#.# ########.#..
....############.# #.##
#####...........@# ####..#
#.##########g# ##≈≈≈≈.# #†#
#.# #.≈....# #.###### #g#
#.≈≈≈≈## #.g....#
#.########.###.#
######.#####.##.).g.g..##.#
#g##g...##.######.##.###
#.##.#####.# #.##....
#........#.# #g##.##.


You could see 2 gnolls.

Vanquished Creatures
  2 gnolls (D:2)
  An adder (D:2)
  A worm (D:2)
  2 dart slugs (D:2)
  7 bats
  5 endoplasms
  2 giant cockroaches
  3 goblins
  2 hobgoblins (D:2)
  4 jackals (D:1)
  A quokka (D:1)
  A ball python (D:1)
  2 frilled lizards
  5 kobolds
  5 rats
43 creatures vanquished.

Notes
Turn   | Place    | Note
-------+----------+-------------------------------------------
     0 | D:1      | browni3141 the Mummy Cinder Acolyte began the quest for the
                  | Orb.
     0 | D:1      | Reached XP level 1. HP: 18/18 MP: 2/2
   129 | D:1      | Reached skill level 3 in Polearms
   129 | D:1      | Reached XP level 2. HP: 16/24 MP: 4/4
   537 | D:1      | Learned a level 2 spell: Scorch
   646 | D:2      | Gained mutation: You are in touch with the powers of death.
                  | [Mummy growth]
   646 | D:2      | Reached XP level 3. HP: 29/29 MP: 5/5
   884 | D:2      | Found a radiant altar of Vehumet.
  1106 | D:2      | Reached skill level 4 in Polearms
  1175 | D:2      | Reached XP level 4. HP: 35/35 MP: 1/6
  1231 | D:2      | HP: 1/35 [gnoll/+0 whip (4)]
  1238 | D:2      | Slain by a gnoll

Illustrated notes

Levels and vault maps discovered:
D:1:      wheals_arrival_shading, layout_rooms
D:2:      layout_loops_ring, basic_altar, chequers_serial_rivers_micro_d

Skill      XL: |  1  2  3 |
---------------+----------+-----
Polearms       | 3 4 |  4.2
Fighting       | |  3.0
Spellcasting   | |  1.3
Fire Magic     | |  2.4

Action                     |  1- 3 |  4- 6 || total
---------------------------+-------+-------++-------
  Melee: Spear             |    80 |       ||    80
         Dagger            |    31 |     5 ||    36
         Punch             |     1 |       ||     1
   Cast: Scorch            |     2 |       ||     2
 Invoke: Fiery Armour      |     2 |       ||     2
 Armour: Robe              |    33 |       ||    33
  Dodge: Dodged            |    72 |     1 ||    73

Table legend: (Time is in decaauts)
 A = Elapsed time spent in this place.
 B = Non-inter-level travel time spent in this place.
 C = Inter-level travel time spent in this place.
 D = Time resting spent in this place.
 E = Time spent auto-exploring this place.
 F = Levels seen in this place.
 G = Mean time per level.
                   A        B        C        D        E       F      G
               +--------+--------+--------+--------+--------+-----+--------+
         Total |   1233 |   1209 |     24 |      0 |    833 |   2 |  616.5 |
       Dungeon |   1233 |   1209 |     24 |      0 |    833 |   2 |  616.5 |
               +--------+--------+--------+--------+--------+-----+--------+

Top non-repeatable levels by time:
     D:2: 631 daAuts
     D:1: 602 daAuts
